 Dungeon Crawl Stone Soup version 0.30-a0-777-ga9a30cbeda (webtiles) character file.

Game seed: 15667436022718451858

1300 Ceno the Shooter (level 8, -4/57 HPs)
             Began as a Barachi Hexslinger on Feb 15, 2023.
             Was a Priest of Kikubaaqudgha.
             Slain by a kobold brigand
             ... wielding a +0 short sword
              (5 damage)
             ... on level 6 of the Dungeon.
             The game lasted 00:21:31 (6332 turns).

Ceno the Shooter (Barachi Hexslinger)               Turns: 6332, Time: 00:21:31

Health: -4/57      AC:  3    Str: 12    XL:     8   Next: 57%
Magic:  9/9        EV: 12    Int: 19    God:    Kikubaaqudgha [***...]
Gold:   230        SH:  0    Dex: 15    Spells: 8/9 levels left

rFire   . . .      SeeInvis .    a - +3 sling
rCold   . . .      Faith    .    (no shield)
rNeg    . . .      Spirit   .    r - +0 leather armour
rPois   .          Reflect  .    (no helmet)
rElec   .          Harm     .    (no cloak)
rCorr   .          Rampage  .    (no gloves)
Will    .....                    (no boots)
Stlth   ++                       (no amulet)
HPRegen 0.29/turn                c - +4 ring of slaying
MPRegen 0.11/turn                n - +6 ring of intelligence

@: mighty, slow
A: amphibious, slowness 1, strong legs 1, +LOS
a: Hop, Renounce Religion, Unearth Wretches


You were on level 6 of the Dungeon.
You worshipped Kikubaaqudgha.
Kikubaaqudgha was most pleased with you.
You visited 2 branches of the dungeon, and saw 7 of its levels.

You collected 230 gold pieces.

Inventory:

Hand Weapons
 a - a +3 sling (weapon)
Armour
 j - a +0 ring mail
 r - a +0 leather armour (worn)
 w - a +0 buckler
Jewellery
 c - a +4 ring of slaying (left hand)
 d - a +4 ring of protection
 n - a +6 ring of intelligence (right hand)
Wands
 o - a wand of digging (5)
 t - a wand of flame (24)
Scrolls
 b - 2 scrolls of poison
 e - 6 scrolls of teleportation
 p - 2 scrolls of fog {unknown}
 q - a scroll of noise {unknown}
 s - 2 scrolls of vulnerability
 u - a scroll of fear {unknown}
Potions
 f - a potion of might
 g - a potion of mutation
 h - a potion of ambrosia
 i - a potion of degeneration
 k - 3 potions of attraction
 l - a potion of resistance {unknown}
 m - 2 potions of curing
 v - a potion of berserk rage


   Skills:
 + Level 2.7 Fighting
 + Level 7.4 Ranged Weapons
 - Level 2.1 Dodging
 - Level 3.3 Stealth
 - Level 1.1 Spellcasting
 + Level 6.6 Hexes
 + Level 1.6 Necromancy


You had 8 spell levels left.
You knew the following spells:

 Your Spells              Type           Power      Damage    Failure   Level
a - Slow                  Hex            100%       N/A       1%          1

Your spell library contained the following spells:

 Spells                   Type           Power      Damage    Failure   Level
 Necrotise                Necr           28%        1d5       12%         1
 Cause Fear               Hex            13%        N/A       16%         4
 Kiss of Death            Conj/Necr      16%        2d6       17%         1
 Sublimation of Blood     Necr           7%         N/A       19%         2
 Inner Flame              Hex/Fire       13%        N/A       19%         3
 Portal Projectile        Hex/Tloc       26%        N/A       19%         3
 Cigotuvi's Dreadful Rot  Necr/Pois/Air  6%         N/A       28%         2
 Vampiric Draining        Necr           7%         2d6       34%         3
 Dispel Undead            Necr           7%         3d8       75%         4
 Petrify                  Tmut/Erth      1%         N/A       93%         4
 Agony                    Necr           7%         N/A       97%         5
 Irradiate                Conj/Tmut      0%         3d11      100%        5
 Death Channel            Necr           3%         N/A       100%        6
 Simulacrum               Ice/Necr       2%         N/A       100%        6


Dungeon Overview and Level Annotations

Branches:
Dungeon (6/15)             Temple (1/1) D:4

Altars:
Cheibriados
Dithmenos
Fedhas
Hepliaklqana
Kikubaaqudgha
Makhleb
Nemelex Xobeh
Okawaru
Qazlal
Ru
Sif Muna
Trog
Vehumet
Wu Jian
Yredelemnul
The Shining One

Annotations:
D:2 1 runed translucent door, Crazy Yiuf
D:4 Menkaure
D:5 exclusion: door, Edmund


Innate Abilities, Weirdness & Mutations

You are amphibious.
You cover ground slowly.
You can hop short distances.
You have an extended range of vision and can be seen from far away.


Message History

You shoot a sling bullet.
The sling bullet closely misses the kobold brigand.
The kobold closely misses you.
Fire: a) +3 sling
Press: ? - help, Q - select action, (/) - cycle Shift-Dir - straight line, f/p - kobold brigand
Aim: a kobold brigand, wielding a +0 short sword and quivering poisoned darts (severely wounded, slow, 62% to hit)
You shoot a sling bullet.
The sling bullet closely misses the kobold brigand.
The kobold brigand hits you with a +0 short sword!
* * * LOW HITPOINT WARNING * * *
The kobold hits you but does no damage.
You feel very mighty all of a sudden. The kobold misses you.
The kobold brigand hits you with a +0 short sword.
* * * LOW HITPOINT WARNING * * *
Fire: a) +3 sling
Press: ? - help, Q - select action, (/) - cycle Shift-Dir - straight line, f/p - kobold brigand
Aim: a kobold brigand, wielding a +0 short sword and quivering poisoned darts (severely wounded, slow, 62% to hit)
You shoot a sling bullet.
The sling bullet hits the kobold brigand!
The kobold brigand is almost dead.
The kobold hits you but does no damage.
The kobold brigand hits you with a +0 short sword!
* * * LOW HITPOINT WARNING * * *
Fire: a) +3 sling
Press: ? - help, Q - select action, (/) - cycle Shift-Dir - straight line, f/p - kobold brigand
Aim: a kobold brigand, wielding a +0 short sword and quivering poisoned darts (almost dead, slow, 62% to hit)
You shoot a sling bullet.
The sling bullet hits the kobold brigand but does no damage.
The kobold brigand is almost dead.
The kobold barely misses you.
Fire: a) +3 sling
Press: ? - help, Q - select action, (/) - cycle Shift-Dir - straight line, f/p - kobold brigand
Aim: a kobold brigand, wielding a +0 short sword and quivering poisoned darts (almost dead, slow, 62% to hit)
You shoot a sling bullet.
The sling bullet closely misses the kobold brigand.
The kobold completely misses you.
The kobold brigand hits you with a +0 short sword.
You die...
Kikubaaqudgha rasps: "You have failed me!
Welcome... death!"

P..... ..8.. # #
..). .. .#. ♣.).
...
....♣♣♣...♣♣P....
.........♣.P.....
#...............
#....)KK........
#.....)@........
##..............
#...............
##.....♣♣P.♣.♣♣.
#...... PP..♣
........ ♣.♣
.##..... ..P
##.... ... #....
..


You could see a kobold brigand (slow) and a kobold.

Vanquished Creatures
  An ice beast (D:5)
  A black bear (D:5)
  A centaur (D:5)
  A necrophage (D:4)
  3 scorpions
  2 wights (D:5)
  4 orc priests
  3 hounds
  3 jellies
  Ijyb (D:3)
  5 iguanas
  8 gnolls
  4 adders
  An ufetubus (D:4)
  4 worms
  2 dart slugs
  11 orcs
  8 endoplasms
  A giant cockroach (D:4)
  10 goblins
  6 hobgoblins
  12 jackals
  8 kobolds
  6 quokkas
  8 ball pythons
  4 bats
  3 frilled lizards
  9 rats
130 creatures vanquished.

Notes
Turn   | Place    | Note
-------+----------+-------------------------------------------
     0 | D:1      | Ceno the Barachi Hexslinger began the quest for the Orb.
     0 | D:1      | Reached XP level 1. HP: 15/15 MP: 2/2
   179 | D:1      | Reached XP level 2. HP: 21/21 MP: 3/3
   466 | D:1      | Reached skill level 1 in Stealth
   511 | D:1      | Reached XP level 3. HP: 24/26 MP: 1/4
   715 | D:1      | Found a faded altar of an unknown god.
   740 | D:1      | Reached skill level 3 in Ranged Weapons
   746 | D:1      | Prayed at the altar of an unknown god.
   746 | D:1      | Became a worshipper of Kikubaaqudgha
   746 | D:1      | Reached * piety under Kikubaaqudgha
   746 | D:1      | Received a gift from Kikubaaqudgha
  1192 | D:2      | Reached XP level 4. HP: 32/32 MP: 5/5
  1393 | D:2      | Found a stormy altar of Qazlal.
  1551 | D:2      | Found a runed translucent door.
  1552 | D:2      | Noticed Crazy Yiuf
  2194 | D:3      | Found a burning altar of Makhleb.
  2375 | D:3      | Reached ** piety under Kikubaaqudgha
  2392 | D:3      | Found a hazy altar of Hepliaklqana.
  2649 | D:3      | HP: 1/32 [gnoll/+0 whip (5)]
  2652 | D:3      | Reached XP level 5. HP: 2/37 MP: 6/6
  2655 | D:3      | Reached skill level 4 in Ranged Weapons
  3395 | D:4      | Noticed Ijyb
  3411 | D:3      | Killed Ijyb
  3412 | D:3      | Reached XP level 6. HP: 39/43 MP: 7/7
  3844 | D:4      | Found a staircase to the Ecumenical Temple.
  3859 | Temple   | Entered the Ecumenical Temple
  4377 | D:4      | Found an ancient bone altar of Kikubaaqudgha.
  4417 | D:4      | Noticed Menkaure
  4519 | D:4      | Reached skill level 5 in Ranged Weapons
  4569 | D:4      | Reached skill level 5 in Hexes
  4569 | D:4      | Reached XP level 7. HP: 48/48 MP: 6/8
  4734 | D:4      | Reached *** piety under Kikubaaqudgha
  4734 | D:4      | Received a gift from Kikubaaqudgha
  4838 | D:5      | Entered Level 5 of the Dungeon
  4918 | D:4      | Reached skill level 6 in Ranged Weapons
  4943 | D:5      | Noticed Edmund
  5187 | D:5      | Reached XP level 8. HP: 54/54 MP: 3/9
  5389 | D:5      | Reached skill level 7 in Ranged Weapons
  5599 | D:5      | Reached skill level 1 in Necromancy
  6272 | D:5      | Noticed a troll
  6272 | D:5      | Noticed a wraith
  6330 | D:6      | HP: 1/57 [kobold brigand/+0 short sword (8)]
  6332 | D:6      | Slain by a kobold brigand

Illustrated notes

Levels and vault maps discovered:
D:1:      kennysheep_arrival_forest, layout_loops_ring,
          ebering_ecumenical_altar_hall, minmay_strange_pillars,
          minmay_nonomino_d4
D:2:      layout_basic, basic_altar, roderic_lattice_a, bh_walls_and_bars,
          uniq_crazy_yiuf_cottage
D:3:      layout_basic, lemuel_tele_altar, lemuel_round_altar
D:4:      layout_rooms, lemuel_doored_altar, minmay_temple_entry_ruins,
          minmay_misc_feat_ornament, nicolae_specific_store,
          grunt_ministairs_12, uniq_ijyb, uniq_menkaure
D:5:      layout_gridville, minmay_divided_ellipse, uniq_edmund
D:6:      layout_cave_pods, kennysheep_mini, mainiacjoe_overflow_brackets,
          serial_park, serial_park_paths [serial_park_minivault_5x5_6],
          serial_park_gazebo [serial_park_minivault_5x5_1], serial_park_square1
          [serial_park_minivault_5x5_1], serial_park_tiny_2, minmay_checkerbox
Temple:   hellmonk_temple_flake

Skill      XL: |  1  2  3  4  5  6  7  8 |
---------------+-------------------------+-----
Stealth        | 1 2 3 |  3.3
Ranged Weapons | 3 4 5 6 7 |  7.4
Hexes          | 4 5 6 |  6.6
Fighting       | 2 |  2.7
Necromancy     | 1 |  1.6
Dodging        | |  2.1
Spellcasting   | |  1.1

Action                     |  1- 3 |  4- 6 |  7- 9 || total
---------------------------+-------+-------+-------++-------
   Fire: Sling             |   110 |   186 |   146 ||   442
   Cast: Slow              |    30 |    38 |    40 ||   108
Ability: Hop               |     4 |     8 |     8 ||    20
    Use: Scroll            |       |     4 |     6 ||    10
         Potion            |       |     1 |     1 ||     2
 Armour: Robe              |     3 |       |       ||     3
         Ring mail         |    17 |    25 |       ||    42
         Leather armour    |       |     2 |     8 ||    10
  Dodge: Dodged            |    44 |    61 |    38 ||   143

Table legend: (Time is in decaauts)
 A = Elapsed time spent in this place.
 B = Non-inter-level travel time spent in this place.
 C = Inter-level travel time spent in this place.
 D = Time resting spent in this place.
 E = Time spent auto-exploring this place.
 F = Levels seen in this place.
 G = Mean time per level.
                   A        B        C        D        E       F      G
               +--------+--------+--------+--------+--------+-----+--------+
         Total |   7310 |   6948 |    362 |    764 |   4093 |   7 | 1044.3 |
       Dungeon |   7127 |   6776 |    351 |    764 |   3937 |   6 | 1187.8 |
        Temple |    183 |    173 |     10 |      0 |    156 |   1 |  183.0 |
               +--------+--------+--------+--------+--------+-----+--------+

Top non-repeatable levels by time:
     D:3: 2067 daAuts
     D:5: 1516 daAuts
     D:2: 1217 daAuts
     D:1: 1179 daAuts
     D:4: 1093 daAuts
  Temple: 183 daAuts
     D:6: 53 daAuts
